 Dungeon Crawl Stone Soup version 0.20.1-1-g8b1a95d (webtiles) character file.

120 Internecine the Bolt Thrower (level 5, 0/31 HPs)
             Began as a Kobold Arcane Marksman on Sept 23, 2017.
             Was an Initiate of Cheibriados.
             Slain by a goblin (1 damage)
             ... on level 3 of the Dungeon.
             The game lasted 00:29:40 (2014 turns).

Internecine the Bolt Thrower (KoAM)                 Turns: 2014, Time: 00:29:40

Health: 0/31       AC:  6    Str: 14    XL:     5   Next: 25%
Magic:  6/6        EV: 15    Int: 16    God:    Cheibriados [......]
Gold:   186        SH:  0    Dex: 16    Spells: 5/6 levels left

rFire    . . .     SeeInvis .   b - +0 short sword
rCold    . . .     Gourm    .   (shield restricted)
rNeg     . . .     Faith    .   O - +3 leather armour
rPois    .         Spirit   .   (no helmet)
rElec    .         Reflect  .   (no cloak)
rCorr    .         Harm     .   (no gloves)
MR       .....                  (no boots)
Stlth    +.........             (no amulet)
Regen    0.1/turn               K - ring of wizardry
MPRegen  0.1/turn               (no ring)

@: mighty, very slow
A: carnivore 3
a: Bend Time, Renounce Religion


You were on level 3 of the Dungeon.
You worshipped Cheibriados.
Cheibriados was noncommittal.
You were very full.

You visited 1 branch of the dungeon, and saw 3 of its levels.

You collected 186 gold pieces.

Inventory:

Hand Weapons
 a - a +0 hand crossbow
 b - a +0 short sword (weapon)
 h - a +0 club
 j - a +0 spear
 n - a +0 club
 p - a +0 club
 r - a +0 dagger
 s - a +0 whip
 x - a +0 mace
 y - a +0 short sword
 A - a +0 short sword
 B - a +0 club
 D - a +0 lajatang
 F - a +0 hand axe
 H - a +0 dagger
 P - a +0 club
 R - a cursed +0 club
Missiles
 g - 40 arrows
 i - 69 stones (quivered)
 q - 9 poisoned needles
 M - 26 sling bullets
 U - 5 javelins
Armour
 e - a +0 robe
 o - a +0 leather armour
 t - a +0 scale mail
 v - a +0 robe
 E - a +0 leather armour
 O - a +3 leather armour (worn)
Jewellery
 K - a ring of wizardry (left hand)
Scrolls
 l - a scroll of immolation {unknown}
 w - 2 scrolls of identify
 z - 2 scrolls of fog {unknown}
 C - a scroll of noise {unknown}
 I - a scroll of recharging {unknown}
 Q - a scroll of blinking {unknown}
 S - a scroll of teleportation
 T - a scroll of enchant weapon {unknown}
Potions
 k - a potion of might
 L - a potion of ambrosia {unknown}
 V - a potion of flight {unknown}
Books
 c - a book of Debilitation

   Spells                             Type                      Level
   a - Corona                         Hexes                        1
   b - Slow                           Hexes                        2
   c - Inner Flame                    Hexes/Fire                   3
   d - Portal Projectile              Hexes/Translocation          3
   e - Cause Fear                     Hexes                        4
   f - Leda's Liquefaction            Hexes/Earth                  4
Comestibles
 f - 2 meat rations
 m - 4 fruits
 u - a royal jelly
 N - 2 chunks of flesh


   Skills:
 + Level 2.5 Fighting
 + Level 4.2 Crossbows
 + Level 0.5 Armour
 + Level 3.2 Dodging
 + Level 0.4 Stealth
 + Level 1.1 Spellcasting
 + Level 3.4 Hexes


You had 5 spell levels left.
You knew the following spells:

 Your Spells              Type           Power        Failure   Level  Hunger
a - Corona                Hex            ##.....      2%          1    ##.....


Dungeon Overview and Level Annotations

Branches:
Dungeon (3/15)

Altars:
Cheibriados
Ru

Annotations:
D:3 Grinder


Innate Abilities, Weirdness & Mutations

You are small and have problems with some larger weapons.
You are carnivorous and can eat meat at any time.


Message History

You hit the kobold but do no damage. The kobold barely misses you.
You barely miss the kobold. The kobold hits you with a club.
* * * LOW HITPOINT WARNING * * *
It was a potion of might.
You feel very mighty all of a sudden. The kobold misses you.
You puncture the kobold!
You kill the kobold!
Cheibriados appreciates the change of pace.
You barely miss the goblin.
The goblin is severely wounded.
The goblin unwields an uncursed hunting sling.
The goblin closely misses you.
You closely miss the goblin.
The goblin is severely wounded.
The goblin hits you but does no damage.
You closely miss the goblin.
The goblin is severely wounded.
The goblin hits you.
You die...

.... .?.##
.....##...##
#.........>###
..#..#...K.....
#.............#
..##.##.#.....#
..............#####.#
.##......(..$.(g@...#
.##..##.#.....#######
..#..## #.....#
....... #######
..#..## .##..# .....
#.#.# #.#.######


You could see a goblin.

Vanquished Creatures
  Terence (D:3)
  A hound skeleton (D:3)
  An adder (D:2)
  3 dart slugs
  3 leopard geckos
  An orc (D:3)
  11 bats
  4 giant cockroaches
  6 goblins
  3 hobgoblins (D:1)
  6 jackals (D:2)
  6 kobolds
  6 frilled lizards
  10 rats
62 creatures vanquished.

Notes
Turn   | Place    | Note
-------+----------+-------------------------------------------
     0 | D:1      | Internecine the Kobold Arcane Marksman began the quest for the Orb.
     0 | D:1      | Reached XP level 1. HP: 12/12 MP: 2/2
    44 | D:1      | Reached XP level 2. HP: 13/16 MP: 3/3
   182 | D:1      | You fall through a shaft!
   429 | D:1      | Reached XP level 3. HP: 20/20 MP: 4/4
   446 | D:1      | Reached skill level 3 in Crossbows
  1220 | D:2      | Reached XP level 4. HP: 15/26 MP: 5/5
  1420 | D:2      | Found a sacrificial altar of Ru.
  1885 | D:3      | Found a snail-covered altar of Cheibriados.
  1913 | D:3      | Became a worshipper of Cheibriados the Contemplative
  1949 | D:3      | Noticed Grinder
  1950 | D:3      | Noticed Terence
  1974 | D:3      | Killed Terence
  1974 | D:3      | Reached skill level 4 in Crossbows
  1974 | D:3      | Reached XP level 5. HP: 27/31 MP: 6/6
  1985 | D:3      | HP: 1/31 [Grinder/nerve-wracking pain (7)]
  2004 | D:3      | HP: 1/31 [kobold/club (2)]
  2009 | D:3      | HP: 1/31 [kobold/club (1)]
  2014 | D:3      | Slain by a goblin

Skill      XL: |  1  2  3  4 |
---------------+-------------+-----
Crossbows      | 3 4 |  4.2
Fighting       | 2 |  2.5
Dodging        | 3 |  3.2
Armour         | |  0.5
Stealth        | |  0.4
Spellcasting   | |  1.1
Hexes          | |  3.4

Action                   |  1- 3 |  4- 6 || total
-------------------------+-------+-------++-------
Melee: Short sword       |       |     7 ||     7
 Fire: Hand crossbow     |    92 |    63 ||   155
Throw: Stone             |       |    20 ||    20
  Use: Scroll            |     4 |     2 ||     6
       Potion            |       |     6 ||     6
  Eat: Chunk             |     7 |     4 ||    11
Armor: Leather armour    |     4 |    14 ||    18
       Scale mail        |    21 |     2 ||    23
Dodge: Dodged            |    55 |    61 ||   116
